 Dungeon Crawl Stone Soup version 0.30-a0-777-ga9a30cbeda (webtiles) character file.

Game seed: 15831545596550114062

206 dolemite99 the Shooter (level 5, -3/38 HPs)
             Began as a Demonspawn Hunter on Feb 14, 2023.
             Was a Follower of Fedhas.
             Slain by Blork the orc
             ... wielding a +1 mace of holy wrath
              (9 damage)
             ... on level 4 of the Dungeon.
             The game lasted 00:02:38 (2695 turns).

dolemite99 the Shooter (Demonspawn Hunter)          Turns: 2695, Time: 00:02:38

Health: -3/38      AC:  4    Str: 11    XL:     5   Next: 53%
Magic:  5/5        EV: 12    Int: 10    God:    Fedhas [*.....]
Gold:   249        SH:  0    Dex: 19    Spells: 4/4 levels left

rFire   . . .      SeeInvis .    a - +0 shortbow
rCold   . . .      Faith    .    (shield currently unavailable)
rNeg    . . .      Spirit   .    c - +0 leather armour
rPois   .          Reflect  .    f - +0 helmet
rElec   .          Harm     .    (no cloak)
rCorr   .          Rampage  .    (no gloves)
Will    .....                    (no boots)
Stlth   ++                       (no amulet)
HPRegen 0.26/turn                (no ring)
MPRegen 0.09/turn                (no ring)

@: no status effects
A: claws 1, foul stench 2
a: Renounce Religion


You were on level 4 of the Dungeon.
You worshipped Fedhas.
Fedhas was aware of your devotion.
You visited 1 branch of the dungeon, and saw 4 of its levels.

You collected 249 gold pieces.

Inventory:

Hand Weapons
 a - a +0 shortbow (weapon)
Missiles
 k - 5 boomerangs
Armour
 c - a +0 leather armour (worn)
 f - a +0 helmet (worn)
Wands
 p - a wand of flame (7)
Scrolls
 b - a scroll of immolation
 d - 3 scrolls of teleportation {unknown}
 i - 2 scrolls of identify {@r1}
 j - a scroll of magic mapping {unknown}
 l - a scroll of poison {unknown}
Potions
 e - a potion of brilliance {unknown}
 g - a potion of might
 h - 2 potions of curing {unknown}
 m - a potion of heal wounds {unknown}
 n - a potion of haste
 o - a potion of lignification {unknown}


   Skills:
 - Level 2.0 Fighting
 + Level 6.3 Ranged Weapons
 - Level 1.7 Dodging
 - Level 0.8 Stealth


You had 4 spell levels left.
You didn't know any spells.
Your spell library was empty.

Dungeon Overview and Level Annotations

Branches:
Dungeon (4/15)
 Temple: D:4-7

Altars:
Fedhas
Gozag

Annotations:
D:4 Blork the orc


Innate Abilities, Weirdness & Mutations

You have sharp fingernails.
You sometimes emit foul miasma when damaged in melee.


Message History

There are monsters nearby!
You shoot an arrow. The arrow hits Blork the orc!
Blork the orc is severely wounded.
Blork the orc begins to cast a cantrip, but forgets the words!
You shoot an arrow.
The arrow hits Blork the orc but does no damage.
Blork the orc is severely wounded.
You shoot an arrow. The arrow hits the adder!
The adder is almost dead.
The adder misses you.
Blork the orc gestures wildly while chanting.
Blork the orc seems to speed up.
The adder bites you but does no damage.
You shoot an arrow. The arrow hits the adder.
You kill the adder!
Fedhas appreciates your contribution to the ecosystem.
Blork the orc gestures at you while chanting.
The magic dart hits you!
Fire: a) +0 shortbow
Press: ? - help, Q - select action, (/) - cycle Shift-Dir - straight line, f - Blork the orc
Aim: Blork the orc, wielding a +1 mace of holy wrath and wearing a +0 robe (severely wounded, fast, 69% to hit)
You shoot an arrow.
The arrow hits Blork the orc but does no damage.
Blork the orc is severely wounded.
Blork the orc hits you with a +1 mace of holy wrath!
You convulse!
You shoot an arrow. The arrow hits Blork the orc!
Blork the orc is almost dead.
Blork the orc hits you with a +1 mace of holy wrath.
* * * LOW HITPOINT WARNING * * *
You convulse.
* * * LOW HITPOINT WARNING * * *
Blork the orc gestures at you while chanting.
The puff of flame hits you.
* * * LOW HITPOINT WARNING * * *
You shoot an arrow. The arrow barely misses Blork the orc.
Blork the orc screams, "I'll eat your brain!
And then I'll vomit it back up!"
Blork the orc barely misses you.
Blork the orc hits you with a +1 mace of holy wrath!
You die...
Fedhas appreciates your contribution to the ecosystem.

#.#### #..... ###########
##..... ..>.......# #.<....
..........# #......
..........# #...... ...)....#
#...... .#.†o.# #...... ##.
#@.### ###...... #..
#....#####........ #.#
##..........###.... ..
#.###....#..........>..
...####.#...###....########..
................#.....## ..
..........##########...##....
...####.### ###........ #.#
######.†.#.....#


You could see Blork the orc (fast).

Vanquished Creatures
  A scorpion (D:4)
  A gnoll (D:1)
  4 adders
  2 worms
  2 dart slugs (D:2)
  5 orcs
  5 ball pythons
  4 bats
  13 endoplasms
  4 giant cockroaches
  7 goblins
  5 hobgoblins
  9 kobolds
  5 quokkas
  6 frilled lizards
  5 rats
78 creatures vanquished.

Notes
Turn   | Place    | Note
-------+----------+-------------------------------------------
     0 | D:1      | dolemite99 the Demonspawn Hunter began the quest for the
                  | Orb.
     0 | D:1      | Reached XP level 1. HP: 16/16 MP: 1/1
   183 | D:1      | Reached skill level 4 in Ranged Weapons
   205 | D:1      | Gained mutation: You may rarely emit foul miasma when
                  | damaged in melee. [demonic ancestry]
   205 | D:1      | Reached XP level 2. HP: 22/22 MP: 2/2
   503 | D:1      | Reached XP level 3. HP: 27/27 MP: 3/3
   762 | D:2      | Reached skill level 5 in Ranged Weapons
   882 | D:2      | Gained mutation: You have sharp fingernails. [demonic
                  | ancestry]
   882 | D:2      | Reached XP level 4. HP: 33/33 MP: 4/4
  1130 | D:3      | Found a blossoming altar of Fedhas.
  1155 | D:3      | Became a worshipper of Fedhas Madash
  1475 | D:3      | Found an opulent altar of Gozag.
  1587 | D:3      | Reached * piety under Fedhas
  2584 | D:4      | Noticed a scorpion
  2589 | D:4      | Killed a scorpion
  2590 | D:4      | Reached skill level 6 in Ranged Weapons
  2590 | D:4      | Gained mutation: You sometimes emit foul miasma when
                  | damaged in melee. [demonic ancestry]
  2590 | D:4      | Reached XP level 5. HP: 30/38 MP: 5/5
  2687 | D:4      | Noticed Blork the orc
  2695 | D:4      | Slain by Blork the orc

Illustrated notes

Levels and vault maps discovered:
D:1:      minmay_arrival_doors, layout_loops_ring, grunt_decor_junction
D:2:      layout_rooms, minmay_tripent
D:3:      minmay_chambers_of_threes, layout_basic, grunt_gozag_breadcrumbs,
          fedhas_altar_2, lemuel_flame_loot_1
D:4:      layout_rooms, nicolae_uskayaw_suspiria, uniq_eustachio,
          uniq_blork_the_orc

Skill      XL: |  1  2  3  4 |
---------------+-------------+-----
Ranged Weapons | 4 5 6 |  6.3
Fighting       | |  2.0
Dodging        | |  1.7
Stealth        | |  0.8

Action                     |  1- 3 |  4- 6 || total
---------------------------+-------+-------++-------
   Fire: Shortbow          |    83 |   105 ||   188
    Use: Scroll            |     1 |       ||     1
 Armour: Leather armour    |     2 |    14 ||    16
  Dodge: Dodged            |    20 |    35 ||    55

Table legend: (Time is in decaauts)
 A = Elapsed time spent in this place.
 B = Non-inter-level travel time spent in this place.
 C = Inter-level travel time spent in this place.
 D = Time resting spent in this place.
 E = Time spent auto-exploring this place.
 F = Levels seen in this place.
 G = Mean time per level.
                   A        B        C        D        E       F      G
               +--------+--------+--------+--------+--------+-----+--------+
         Total |   2752 |   2683 |     69 |    305 |   1912 |   4 |  688.0 |
       Dungeon |   2752 |   2683 |     69 |    305 |   1912 |   4 |  688.0 |
               +--------+--------+--------+--------+--------+-----+--------+

Top non-repeatable levels by time:
     D:3: 1355 daAuts
     D:1: 663 daAuts
     D:2: 497 daAuts
     D:4: 236 daAuts
